 Dungeon Crawl Stone Soup version 0.30-a0-777-ga9a30cbeda (webtiles) character file.

Game seed: 17452397870598152190

826 FalseProphet the Chopper (level 7, -11/55 HPs)
             Began as a Demonspawn Gladiator on Feb 14, 2023.
             Was an Initiate of Ru.
             Mangled by a boulder beetle (14 damage)
             ... on level 6 of the Dungeon.
             The game lasted 00:07:12 (4333 turns).

FalseProphet the Chopper (Demonspawn Gladiator)     Turns: 4333, Time: 00:07:12

Health: -11/55     AC: 14    Str: 14    XL:     7   Next: 64%
Magic:  7/7        EV: 12    Int:  8    God:    Ru [......]
Gold:   268        SH:  5    Dex: 20    Spells: 6/6 levels left

rFire   . . .      SeeInvis .    a - +0 war axe
rCold   . . .      Faith    .    (no shield)
rNeg    . . .      Spirit   .    f - +0 chain mail
rPois   .          Reflect  +    (helmet restricted)
rElec   .          Harm     .    (no cloak)
rCorr   .          Rampage  .    (no gloves)
Will    .....                    m - +2 pair of boots Stlth
                                 l - amulet of reflection
HPRegen 0.29/turn                g - +5 ring of evasion
MPRegen 0.10/turn                (no ring)

@: hasted, studying Polearms, invisible (expiring), very quick
A: antennae 1, hooves 1, ignite blood 1, powered by death 1, weakness stinger 1,
iridescent scales 1, agile 1
a: Renounce Religion


You were on level 6 of the Dungeon.
You worshipped Ru.
Ru was noncommittal.
You visited 1 branch of the dungeon, and saw 6 of its levels.

You collected 268 gold pieces.

Inventory:

Hand Weapons
 a - a +0 war axe (weapon)
Missiles
 d - 2 throwing nets (quivered)
 e - a javelin
Armour
 c - a +0 helmet
 f - a +0 chain mail (worn)
 m - a +2 pair of boots (worn)
Jewellery
 g - a +5 ring of evasion (left hand)
 h - a ring of positive energy
 l - an amulet of reflection (around neck)
 s - a ring of resist corrosion
Scrolls
 b - a scroll of brand weapon {unknown}
 p - a scroll of enchant weapon {unknown}
Potions
 j - a potion of haste
 o - a potion of might {unknown}
 q - 2 potions of lignification
 r - a potion of cancellation {unknown}
 t - a potion of flight {unknown}


   Skills:
 * Level 4.7 Fighting
 + Level 6.0 Axes
 + Level 2.0 Throwing
 + Level 2.7 Armour
 + Level 3.3 Dodging
 + Level 0.5 Stealth
 + Level 1.1 Shields


You had 6 spell levels left.
You didn't know any spells.
Your spell library contained the following spells:

 Spells                   Type           Power      Damage    Failure   Level
 Foxfire                  Conj/Fire      0%         2x1d4     100%        1
 Summon Small Mammal      Summ           0%         N/A       100%        1
 Scorch                   Fire           0%         2d5       100%        2
 Call Canine Familiar     Summ           0%         N/A       100%        3
 Summon Guardian Golem    Hex/Summ       0%         N/A       100%        3
 Flame Wave               Conj/Fire      0%         2d4       100%        4
 Fireball                 Conj/Fire      0%         3d3       100%        5
 Starburst                Conj/Fire      0%         6d3       100%        6
 Summon Cactus Giant      Summ           0%         N/A       100%        6


Dungeon Overview and Level Annotations

Branches:
Dungeon (6/15)
 Temple: D:4-7

Altars:
Cheibriados
Gozag
Hepliaklqana
Kikubaaqudgha
Ru
Sif Muna
Wu Jian


Innate Abilities, Weirdness & Mutations

You have a pair of small antennae on your head.
You have large cloven feet.
Your demonic aura sometimes causes spilled blood to erupt in flames.
You regenerate a little health from kills.
You have a small tail.
You are partially covered in iridescent scales. (AC +2)
You are agile. (Dex +4, Str/Int -1)


Message History

The boulder beetle closely misses you.
You barely miss the boulder beetle.
You tail-slap the boulder beetle, but do no damage.
The boulder beetle is heavily wounded.
You block the boulder beetle's attack. The boulder beetle closely misses you.
You completely miss the boulder beetle.
You tail-slap the boulder beetle, but do no damage.
The boulder beetle is heavily wounded.
The boulder beetle bites you!
* * * LOW HITPOINT WARNING * * *
The boulder beetle completely misses you.
You hit the boulder beetle but do no damage.
The boulder beetle is heavily wounded.
The boulder beetle barely misses you.
You hit the boulder beetle but do no damage.
You tail-slap the boulder beetle, but do no damage.
The boulder beetle is heavily wounded.
You flicker for a moment.
The boulder beetle bites you.
* * * LOW HITPOINT WARNING * * *
You hit the boulder beetle but do no damage.
You tail-slap the boulder beetle, but do no damage.
The boulder beetle is heavily wounded.
The boulder beetle closely misses you.
It was a potion of haste.
You feel yourself speed up. The boulder beetle barely misses you.
You fade further into invisibility.
The boulder beetle closely misses you. The boulder beetle bites you!
* * * LOW HITPOINT WARNING * * *
You hit the boulder beetle but do no damage.
The boulder beetle is heavily wounded.
The boulder beetle closely misses you.
You hit the boulder beetle.
The boulder beetle is heavily wounded.
The boulder beetle barely misses you.
You hit the boulder beetle but do no damage.
The boulder beetle is heavily wounded.
The boulder beetle bites you!
You die...

######## #######.)....#
#.......@....#
+.......B....+
#....##.....###+#########
#.... ##.#..###....#.....
#.... #$#....'....#.....
#.|.. ####....#....#.....
#######.......#....#.....
#.............#....#.....
#.............#....'.....


You could see a boulder beetle (unable to see you).

Vanquished Creatures
  A water moccasin (D:5)
  2 ice beasts (D:5)
  An ogre (D:3)
  2 necrophages
  A scorpion (D:4)
  A jelly (D:5)
  A hound (D:4)
  3 orc wizards
  3 gnolls (D:4)
  4 adders
  An ufetubus (D:5)
  2 dart slugs
  8 orcs
  7 ball pythons
  8 bats
  4 endoplasms
  3 giant cockroaches
  7 goblins
  2 hobgoblins
  2 jackals (D:5)
  8 quokkas
  2 frilled lizards
  5 kobolds
  2 rats (D:1)
80 creatures vanquished.

Vanquished Creatures (others)
  A plant (D:6)
1 creature vanquished.

Grand Total: 81 creatures vanquished

Notes
Turn   | Place    | Note
-------+----------+-------------------------------------------
     0 | D:1      | FalseProphet the Demonspawn Gladiator began the quest for
                  | the Orb.
     0 | D:1      | Reached XP level 1. HP: 16/16 MP: 1/1
   139 | D:1      | Gained mutation: Your demonic aura sometimes causes spilled
                  | blood to erupt in flames. [demonic ancestry]
   139 | D:1      | Reached XP level 2. HP: 22/22 MP: 2/2
   151 | D:1      | Reached skill level 3 in Axes
   814 | D:2      | Reached XP level 3. HP: 25/27 MP: 3/3
  1435 | D:3      | Found a hazy altar of Hepliaklqana.
  1640 | D:3      | Discovered your monstrous ancestry.
  1640 | D:3      | Gained mutation: You have large cloven feet. [demonic
                  | ancestry]
  1640 | D:3      | Reached XP level 4. HP: 23/34 MP: 4/4
  1692 | D:3      | Found an ornate altar of the Wu Jian Council.
  1762 | D:3      | Noticed an ogre
  1774 | D:3      | Killed an ogre
  1775 | D:3      | Reached skill level 4 in Axes
  1775 | D:3      | Reached skill level 1 in Armour
  1775 | D:3      | Gained mutation: You have a small tail. [demonic ancestry]
  1775 | D:3      | Reached XP level 5. HP: 8/41 MP: 5/5
  2432 | D:3      | Found an opulent altar of Gozag.
  2457 | D:3      | Found an ancient bone altar of Kikubaaqudgha.
  2628 | D:4      | Gained mutation: You expend magic power (3 MP) to
                  | strengthen your wands. [potion of mutation]
  2628 | D:4      | Gained mutation: You are partially covered in iridescent
                  | scales. (AC +2) [potion of mutation]
  2629 | D:4      | Lost mutation: You are partially covered in iridescent
                  | scales. (AC +2) [potion of mutation]
  2629 | D:4      | Lost mutation: You expend magic power (3 MP) to strengthen
                  | your wands. [potion of mutation]
  2629 | D:4      | Gained mutation: You are agile. (Dex +4, Str/Int -1)
                  | [potion of mutation]
  2629 | D:4      | Gained mutation: You are weak. (Str -2) [potion of
                  | mutation]
  2629 | D:4      | Gained mutation: Your natural rate of healing is unusually
                  | fast. [potion of mutation]
  2629 | D:4      | Gained mutation: You are partially covered in iridescent
                  | scales. (AC +2) [potion of mutation]
  2630 | D:4      | Lost mutation: You are weak. (Str -2) [potion of mutation]
  2630 | D:4      | Lost mutation: You are partially covered in iridescent
                  | scales. (AC +2) [potion of mutation]
  2630 | D:4      | Gained mutation: You occasionally shout uncontrollably at
                  | your foes. [potion of mutation]
  2630 | D:4      | Gained mutation: You have a somewhat thin skeletal
                  | structure. (Dex +2, Stealth+) [potion of mutation]
  2631 | D:4      | Lost mutation: Your natural rate of healing is unusually
                  | fast. [potion of mutation]
  2631 | D:4      | Lost mutation: You have a somewhat thin skeletal structure.
                  | (Dex +2, Stealth+) [potion of mutation]
  2631 | D:4      | Lost mutation: You occasionally shout uncontrollably at
                  | your foes. [potion of mutation]
  2631 | D:4      | Gained mutation: You are partially covered in iridescent
                  | scales. (AC +2) [potion of mutation]
  2913 | D:4      | Gained mutation: You have a pair of small antennae on your
                  | head. [demonic ancestry]
  2913 | D:4      | Reached XP level 6. HP: 47/47 MP: 6/6
  3259 | D:4      | Found a snail-covered altar of Cheibriados.
  3376 | D:5      | Entered Level 5 of the Dungeon
  3437 | D:5      | Noticed an ice beast
  3438 | D:5      | Noticed a water moccasin
  3458 | D:5      | Killed a water moccasin
  3459 | D:5      | Reached skill level 5 in Axes
  3465 | D:5      | HP: 2/48 [ice beast (14)]
  3473 | D:5      | Killed an ice beast
  3474 | D:5      | Gained mutation: You regenerate a little health from kills.
                  | [demonic ancestry]
  3474 | D:5      | Reached XP level 7. HP: 25/54 MP: 7/7
  3861 | D:5      | Found a shimmering blue altar of Sif Muna.
  3953 | D:5      | Found a sacrificial altar of Ru.
  3961 | D:5      | Became a worshipper of Ru the Awakened
  4024 | D:5      | Reached skill level 1 in Shields
  4089 | D:6      | Reached skill level 6 in Axes
  4102 | D:6      | Noticed a boulder beetle
  4328 | D:6      | HP: 2/55 [boulder beetle (8)]
  4333 | D:6      | Mangled by a boulder beetle

Illustrated notes

Levels and vault maps discovered:
D:1:      minmay_arrival_four_loops, layout_rooms, st_stairs_3
D:2:      layout_loops_corners, minmay_misc_feat_doors,
          kennysheep_generic_room_10
D:3:      layout_basic, nzn_hepliaklqana_mist_gate,
          mainiacjoe_overflow_two_lobes, nicolae_wu_jian_wuxing_cycle,
          nicolae_titane
D:4:      layout_loops_ring, lemuel_coloured_pillars_altar,
          mainiacjoe_overflow_six_doors_small, minmay_manual_maat
D:5:      layout_cave_pools, mainiacjoe_overflow_alcove_2, marbit_many_paths,
          grunt_ministairs_14, minmay_misc_feat_hallway
D:6:      layout_gridville, trog_book, minmay_temple_entry_wispy,
          serial_bayou_pond_e, minmay_misc_feat_more_columns, minmay_microvault,
          uniq_edmund, uniq_prince_ribbit1

Skill      XL: |  1  2  3  4  5  6  7 |
---------------+----------------------+-----
Axes           | 3 4 5 6 |  6.0
Dodging        | 3 |  3.3
Fighting       | 3 4 |  4.7
Armour         | 1 2 |  2.7
Shields        | 1 |  1.1
Throwing       | 2 |  2.0
Stealth        | |  0.5

Action                     |  1- 3 |  4- 6 |  7- 9 || total
---------------------------+-------+-------+-------++-------
  Melee: War axe           |   114 |    86 |    76 ||   276
         Punch             |     1 |     1 |       ||     2
         Tailslap          |       |     8 |    22 ||    30
  Throw: Throwing net      |       |     3 |       ||     3
         Javelin           |       |     1 |       ||     1
    Use: Scroll            |     3 |     9 |     3 ||    15
         Potion            |       |     8 |     4 ||    12
   Stab: Held in net/web   |       |     1 |       ||     1
 Armour: Chain mail        |    70 |    41 |    37 ||   148
  Dodge: Dodged            |    96 |    56 |    47 ||   199
  Block: Other             |       |    14 |    10 ||    24

Table legend: (Time is in decaauts)
 A = Elapsed time spent in this place.
 B = Non-inter-level travel time spent in this place.
 C = Inter-level travel time spent in this place.
 D = Time resting spent in this place.
 E = Time spent auto-exploring this place.
 F = Levels seen in this place.
 G = Mean time per level.
                   A        B        C        D        E       F      G
               +--------+--------+--------+--------+--------+-----+--------+
         Total |   4410 |   4229 |    181 |    387 |   3093 |   6 |  735.0 |
       Dungeon |   4410 |   4229 |    181 |    387 |   3093 |   6 |  735.0 |
               +--------+--------+--------+--------+--------+-----+--------+

Top non-repeatable levels by time:
     D:3: 1239 daAuts
     D:5: 831 daAuts
     D:2: 806 daAuts
     D:4: 805 daAuts
     D:1: 578 daAuts
     D:6: 149 daAuts
